 Dungeon Crawl Stone Soup version 0.24.1-8-ga250c9d538 (webtiles) character file.

Game seed: 15044469762000196489, levelgen mode: deterministic

210 Hugehornet the Insei (level 5, -3/33 HPs)
             Began as an Octopode Transmuter on May 7, 2020.
             Slain by Grinder (9 damage)
             ... on level 3 of the Dungeon.
             The game lasted 00:07:12 (3911 turns).

Hugehornet the Insei (Octopode Transmuter)          Turns: 3911, Time: 00:07:13

Health: -3/33      AC:  2    Str:  9    XL:     5   Next: 88%
Magic:  4/10       EV: 19    Int: 17    God:
Gold:   167        SH:  0    Dex: 17    Spells: 1/11 levels left

rFire    . . .     SeeInvis .     - Unarmed
rCold    . . .     Gourm    .   (shield currently unavailable)
rNeg     . . .     Faith    .   (helmet currently unavailable)
rPois    x         Spirit   .   (no amulet)
rElec    .         Reflect  .   i - ring of teleportation (curse)
rCorr    .         Harm     .   (no ring)
MR       .....     Rnd*Tele +   (no ring)
Stlth    ++........             (no ring)
HPRegen  0.11/turn              (no ring)
MPRegen  0.12/turn              (no ring)
                                (no ring)
                                (no ring)

@: spider-form, very slightly contaminated
A: tiny, almost no armour, stealthy swim, (amphibious), 8 rings, (constrict 8)
a: End Transformation


You were on level 3 of the Dungeon.
You were not hungry.
You were a venomous arachnid creature.
You visited 1 branch of the dungeon, and saw 3 of its levels.

You collected 167 gold pieces.

Inventory:

Missiles
 a - 28 arrows
Jewellery
 i - a cursed ring of teleportation (left front leg)
Scrolls
 e - a scroll of magic mapping
Potions
 d - a potion of berserk rage {unknown}
 g - a potion of agility {unknown}
 h - a potion of might {unknown}
 j - a potion of heal wounds {unknown}
Comestibles
 c - 6 rations
 f - 8 chunks of flesh


   Skills:
 - Level 1.0 Fighting
 - Level 2.0 Dodging
 * Level 4.2 Unarmed Combat
 * Level 3.5 Spellcasting
 + Level 3.1 Transmutations
 + Level 0.6 Ice Magic
 * Level 2.2 Poison Magic


You had one spell level left.
You knew the following spells:

 Your Spells              Type           Power        Failure   Level  Hunger
a - Beastly Appendage     Tmut           ##....       14%         1    None
b - Sticks to Snakes      Tmut           ##......     19%         2    ##.....
c - Spider Form           Tmut/Pois      ##........   36%         3    ###....
d - Ice Form              Ice/Tmut       #.......     78%         4    ####...

Your spell library contained the following spells:

 Spells                   Type           Power        Failure   Level  Hunger
 Blade Hands              Tmut           ##........   91%         5    ######.


Dungeon Overview and Level Annotations

Branches:
Dungeon (3/15)

Altars:
Makhleb
Xom

Annotations:
D:3 Grinder


Innate Abilities, Weirdness & Mutations

You cannot wear most types of armour.
You are very stealthy in the water. (Stealth+)
((You are amphibious.))
You can wear up to eight rings at the same time.
((You can use your tentacles to constrict eight enemies at once.))
((Your skin changes colour to match your surroundings (Stealth+).))
((Your rubbery body absorbs attacks. (AC +1, EV +1)))


Message History

Confirm with . or Enter, or press ? or * to list all spells.
Your tentacle spike disappears.
You turn into a venomous arachnid creature.
Grinder closely misses you.
You bite Grinder!
Grinder is lightly wounded.
Grinder hits you.
You writhe in agony.
* * * LOW HITPOINT WARNING * * *
You barely miss Grinder.
Grinder is lightly wounded.
Grinder gestures at you. Pain shoots through your body!
* * * LOW HITPOINT WARNING * * *
You hit Grinder.
Grinder is poisoned.
Grinder is moderately wounded.
Grinder barely misses you.
You bite Grinder!
Grinder is heavily wounded.
Grinder hits you!
You die...

######### ........# *###
.?.<.o..# *..* ## .>......# *..*
##. .....o..# ##.** ##..
........# #..* #..# ..$..o..#*
##.#* #########.##
.........######..#####.........#
..........o...(rs..##..#########
..).o...###....5.#.....†.#****
,,,,,,,,* #.####.#..####.....#**
**,********,* *..#.## *####..,*
*,* *,,,* #....# *****,,,*** *,*
****,****#..### *,,,,,*** *,*
*,,,,***#...#****,*****
*,***,*,,,,,...##*,,,,**
*,,,,,,,****..#***,,,,,*******


You could see Grinder, an orc and a rat.

Vanquished Creatures
  A bullfrog skeleton (D:2)
  Terence (D:3)
  3 gnolls (D:2)
  4 adders
  5 worms
  3 dart slugs (D:1)
  A leopard gecko (D:1)
  2 orcs
  A ball python (D:1)
  4 giant cockroaches
  9 goblins
  8 hobgoblins
  8 kobolds
  2 quokkas (D:2)
  6 bats
  6 frilled lizards
  8 rats
  A plant (D:1)
73 creatures vanquished.

Notes
Turn   | Place    | Note
-------+----------+-------------------------------------------
     0 | D:1      | Hugehornet the Octopode Transmuter began the quest for the
                  | Orb.
     0 | D:1      | Reached XP level 1. HP: 13/13 MP: 3/3
   191 | D:1      | Reached XP level 2. HP: 16/18 MP: 3/5
   195 | D:1      | Learned a level 2 spell: Sticks to Snakes
   731 | D:1      | Reached XP level 3. HP: 11/23 MP: 4/6
  1021 | D:1      | Learned a level 3 spell: Spider Form
  1905 | D:2      | Reached skill level 1 in Poison Magic
  1905 | D:2      | Reached XP level 4. HP: 4/28 MP: 5/8
  2416 | D:2      | Found a shimmering altar of Xom.
  2485 | D:2      | Reached XP level 5. HP: 24/33 MP: 5/9
  2501 | D:2      | Reached skill level 4 in Unarmed Combat
  2822 | D:2      | Learned a level 4 spell: Ice Form
  3134 | D:2      | Found a burning altar of Makhleb.
  3634 | D:3      | Noticed Terence
  3647 | D:3      | Killed Terence
  3896 | D:3      | Noticed Grinder
  3911 | D:3      | Slain by Grinder

Levels and vault maps discovered:
D:1:      dpeg_arrival_shrine, layout_basic, serial_forest,
          infiniplex_forest_end_2, infiniplex_forest_corner_1,
          infiniplex_forest_side_room, infiniplex_forest_clump_small,
          infiniplex_forest_lined_3_way, infiniplex_forest_clump_curved,
          infiniplex_forest_lined_room_3, infiniplex_forest_straight_4,
          interstate_on_off, hex_medium
D:2:      layout_basic, lemuel_crystal_altar, lemuel_doored_altar,
          minmay_tromino_i4
D:3:      layout_rooms, uniq_grinder, uniq_terence

Skill      XL: |  1  2  3  4  5 |
---------------+----------------+-----
Transmutations | 3 |  3.1
Poison Magic   | 1 2 |  2.2
Spellcasting   | 3 |  3.5
Unarmed Combat | 4 |  4.2
Fighting       | |  1.0
Dodging        | |  2.0
Ice Magic      | |  0.6

Action                   |  1- 3 |  4- 6 || total
-------------------------+-------+-------++-------
Melee: Unarmed           |   108 |    90 ||   198
       Kick              |    26 |    13 ||    39
       Constrict         |    27 |    21 ||    48
       Tentacles         |    20 |     9 ||    29
       Punch             |     2 |     3 ||     5
 Cast: Beastly Appendage |    20 |    18 ||    38
       Spider Form       |       |     3 ||     3
  Use: Scroll            |       |     5 ||     5
       Potion            |       |     1 ||     1
 Stab: Sleeping          |     8 |     4 ||    12
  Eat: Chunk             |     1 |     6 ||     7
       Ration            |     1 |       ||     1
Armor: Skin              |     9 |     6 ||    15
Dodge: Dodged            |    53 |    60 ||   113
